 Dungeon Crawl Stone Soup version 0.21-a0-29-g43b3074 (webtiles) character file.

131532 Kidiri the Eclecticist (level 16, -17/94 HPs)
             Began as a Deep Elf Fire Elementalist on May 26, 2017.
             Was a High Priest of Vehumet.
             Killed by Shatter
             ... invoked by Jorgrun
              (46 damage)
             ... on level 3 of the Swamp.
             The game lasted 03:17:35 (43769 turns).

Kidiri the Eclecticist (DEFE)                      Turns: 43769, Time: 03:17:37

Health: -17/94     AC: 19    Str:  3    XL:     16   Next: 55%
Magic:  2/39       EV: 19    Int: 37    God:    Vehumet [*****.]
Gold:   2298       SH:  7    Dex: 18    Spells: 1/49 levels left

rFire    . . .     SeeInvis .   T - +6 rapier "With Two Names" {pierce, *Contam rPois rN+ Int+3}
rCold    . . .     Gourm    .   p - +1 buckler
rNeg     + . .     Faith    .   Y - +1 leather armour "Otimuqiz" {+Inv rPois Int+2}
rPois    +         Spirit   .   m - +2 helmet
rElec    .         Reflect  .   I - +2 cloak
rCorr    .         Harm     .   S - +2 pair of gloves {Dex+3}
MR       ++...                  N - +2 pair of boots
Stlth    ++........             o - amulet of regeneration
Regen    0.7/turn               v - +2 ring of evasion
MPRegen  0.3/turn               L - +4 ring of intelligence

@: no status effects
A: fangs 2, talons 1, rugged brown scales 1, blurry vision 1, magic resistance
1, weak 1
a: Renounce Religion, Evoke Invisibility


You were on level 3 of the Swamp.
You worshipped Vehumet.
Vehumet was extremely pleased with you.
You were not hungry.

You visited 7 branches of the dungeon, and saw 27 of its levels.
You also visited: Ice Cave.

You collected 3186 gold pieces.
You spent 888 gold pieces at shops.

Inventory:

Hand Weapons
 T - the +6 rapier "With Two Names" (weapon) {pierce, *Contam rPois rN+ Int+3}
   (You bought it in a shop on level 11 of the Dungeon)

   It inflicts extra damage upon your enemies.
   It affects your intelligence (+3).
   It protects you from poison.
   It protects you from negative energy.
   It causes magical contamination when unequipped.
Armour
 m - a +2 helmet (worn)
 p - a +1 buckler (worn)
 I - a +2 cloak (worn)
 K - a +0 shield
 N - a +2 pair of boots (worn)
 S - a +2 pair of gloves of dexterity (worn)
 Y - the +1 leather armour "Otimuqiz" (worn) {+Inv rPois Int+2}
   (You took it off a deep elf archer on level 1 of the Elven Halls)

   It affects your intelligence (+2).
   It protects you from poison.
   It lets you turn invisible.
Jewellery
 b - an uncursed ring of resist corrosion
 o - an amulet of regeneration (around neck)
 t - a +2 ring of strength
 v - a +2 ring of evasion (left hand)
 y - an uncursed ring of fire
 D - an uncursed ring of flight
 L - a +4 ring of intelligence (right hand)
Wands
 a - a wand of polymorph (2/24)
 d - a wand of digging (13/24)
 g - a wand of iceblast (8/15)
 s - a wand of lightning (2/15)
 x - a wand of random effects (31/48)
 z - a wand of disintegration (12/24)
 F - a wand of scattershot (3/9)
 G - a wand of scattershot (6/9)
 H - a wand of acid (8/15)
 O - a wand of paralysis (18/24)
Scrolls
 h - 12 scrolls of teleportation
 j - a scroll of enchant weapon
 n - 6 scrolls of amnesia
 q - a scroll of fog
 r - 9 scrolls of remove curse
 A - a scroll of fear
 B - 2 scrolls of blinking
 C - a scroll of magic mapping
 R - a scroll of recharging
Potions
 e - 5 potions of flight
 f - 5 potions of invisibility
 i - a potion of ambrosia
 k - 5 potions of might
 u - 3 potions of brilliance
 E - 5 potions of curing
 J - 4 potions of agility
 P - a potion of lignification
 Q - a potion of resistance
 V - 2 potions of haste
Books
 w - a book of Fire

   Spells                             Type                      Level
   a - Ignite Poison                  Fire/Transmutation/Poison    3
   b - Fireball                       Conjuration/Fire             5
   c - Bolt of Fire                   Conjuration/Fire             6
   d - Ring of Flames                 Charms/Fire                  7
   e - Ignition                       Fire                         8
Comestibles
 c - a bread ration
 l - 7 meat rations


   Skills:
 + Level 7.9 Fighting
 - Level 8.8 Short Blades
 - Level 8.0 Armour
 - Level 10.0 Dodging
 - Level 2.4 Stealth
 - Level 5.1 Shields
 * Level 17.0 Spellcasting
 + Level 11.5 Conjurations
 - Level 7.0 Charms
 + Level 11.1 Fire Magic
 + Level 9.0 Air Magic
 + Level 6.4 Earth Magic
 + Level 7.8 Poison Magic
 + Level 4.4 Evocations


You had one spell level left.
You knew the following spells:

 Your Spells              Type           Power        Failure   Level  Hunger
a - Flame Tongue          Conj/Fire      #####        0%          1    None
b - Throw Flame           Conj/Fire      ######       1%          2    None
c - Conjure Flame         Conj/Fire      #######.     1%          3    None
d - Inner Flame           Hex/Fire       ######..     1%          3    None
e - Ignite Poison         Fire/Tmut/Pois ######..     1%          3    None
f - Sticky Flame          Conj/Fire      #######.     1%          4    None
g - Fireball              Conj/Fire      #######...   1%          5    None
h - Bolt of Magma         Conj/Fire/Erth #######...   1%          5    None
i - Swiftness             Chrm/Air       ######..     1%          2    None
j - Airstrike             Air            #######...   1%          4    None
k - Ring of Flames        Chrm/Fire      #######...   36%         7    ###....
l - Iron Shot             Conj/Erth      #######...   1%          6    None
m - Mephitic Cloud        Conj/Pois/Air  #######.     1%          3    None


Dungeon Overview and Level Annotations

Branches:
Dungeon (12/15)            Temple (1/1) D:6            Lair (6/6) D:10
  Swamp (3/4) Lair:4       Spider (2/4) Lair:2        Slime (0/5) Lair:6
    Orc (2/2) D:12            Elf (1/3) Orc:2

Altars:
Ashenzari
Cheibriados
Dithmenos
Elyvilon
Fedhas
Gozag
Hepliaklqana
Kikubaaqudgha
Makhleb
Nemelex Xobeh
Okawaru
Qazlal
Ru
Sif Muna
Trog
Uskayaw
Vehumet
Wu Jian
Xom
Yredelemnul
Zin
The Shining One
Beogh

Shops:
D:8 *   D:11 (   Orc:2 ([(}

Annotations:
Swamp:3 Jorgrun


Innate Abilities, Weirdness & Mutations

You have extremely sharp teeth.
You have sharp toenails.
You are partially covered in rugged brown scales. (AC +1, +3% HP)
Scrolls take you a little longer to read.
You are resistant to hostile enchantments. (MR+)
You are weak. (Str -2)


Message History

Confirm with . or Enter, or press ? or * to list all spells.
You don't have enough magic to cast that spell.
Unknown command.
Jorgrun casts a spell.
The dungeon rumbles around Jorgrun!
You shudder from the earth-shattering force.
Ka-crash!
A cyan ugly thing comes into view.
Evoke which item? (* to show all) (? for menu, Esc to quit)
Aiming: Iceblast (will waste charges)
Press: ? - help, Shift-Dir - straight line, f/p - Jorgrun
Aim: Jorgrun, wielding a staff of earth and wearing a glowing robe (almost dead)
The mass of ice explodes!
The iceblast engulfs Jorgrun.
Jorgrun is almost dead.
The cyan ugly thing gurgles horribly!
Evoking this partially-identified wand wasted a few charges.
Jorgrun mumbles some strange words.
The dungeon rumbles around Jorgrun!
You shudder from the earth-shattering force.
You die...

♣≈≈≈♣♣.≈♣ ♣.≈≈≈..♣♣
♣♣.>.♣♣♣ . ♣≈.≈<.♣♣ ≈u
♣.≈≈...♣♣ ≈≈≈
♣.≈≈..≈.♣♣ ≈≈≈≈
♣♣...≈≈≈≈♣♣♣≈≈≈♣
♣♣♣.≈≈≈†≈≈≈.≈♣
♣≈....@≈≈≈≈♣
♣♣♣..†§≈..≈♣
♣♣≈≈§..≈.♣
♣≈...(..≈≈≈.
♣≈..§....≈≈≈
.§♣≈.≈..≈≈≈≈≈≈≈≈≈≈.♣
♣.≈.......≈g≈≈.≈≈≈..♣♣
≈≈≈≈≈.≈≈≈..≈≈≈..≈≈..≈♣
.≈≈...≈≈..≈≈...♣


You could see Jorgrun and a cyan ugly thing.

Vanquished Creatures
  Saint Roka (Orc:2)
  2 Ice Fiends (IceCv)
  Agnes (Spider:1)
  A stone giant (Orc:1)
  An entropy weaver (Spider:1)
  A deep elf demonologist (Elf:1)
  2 deep elf high priests (Elf:1)
  Harold (D:10)
  The ghost of no0bjke the Grappler, a novice TrMo of Cheibriados (D:9)
  A catoblepas (Lair:6)
  Erica (Lair:2)
  A ghost crab (Swamp:2)
  7 hydras
  2 two-headed ogres
  An alligator (Swamp:1)
  7 dancing weapons (Elf:1)
  7 death yaks
  3 orc high priests
  5 deep elf knights (Elf:1)
  An unseen horror (D:12)
  A spriggan druid (Swamp:3)
  2 orc knights (Orc:1)
  7 deep elf archers (Elf:1)
  A swamp dragon (Swamp:2)
  2 shambling mangroves
  3 ugly things
  6 orb spiders
  6 orc sorcerers
  15 deep elf magi (Elf:1)
  An oklob plant (D:10)
  An orb spider (shapeshifter) (Elf:1)
  11 wolf spiders
  A cyclops (D:11)
  Joseph (D:8)
  A centaur zombie (D:11)
  16 spiny frogs
  6 elephants
  2 ice statues (IceCv)
  2 black mambas
  A torpor snail (Lair:5)
  A rime drake (Lair:6)
  4 komodo dragons
  2 kobold demonologists (D:12)
  3 demonic crawlers (Spider:1)
  13 ice devils (IceCv)
  23 jumping spiders
  2 trolls
  7 polar bears
  12 hornets
  A tyrant leech (Swamp:2)
  7 blink frogs
  Grinder (D:5)
  A hippogriff (shapeshifter) (Elf:1)
  Prince Ribbit (D:9)
  2 dream sheep (D:8)
  10 hippogriffs
  19 slime creatures
  4 bog bodies
  2 air elementals (Elf:1)
  30 redbacks
  11 spriggans (Lair:6)
  15 tarantellas (Spider:1)
  A water elemental (Elf:1)
  46 yaks
  A wyvern (D:5)
  A basilisk (Lair:2)
  A fire elemental (Elf:1)
  3 wargs
  9 vampire mosquitoes
  9 swamp worms
  3 insubstantial wisps (Swamp:3)
  11 water moccasins
  9 porcupines
  Duvessa (D:5)
  7 black bears
  5 swamp drakes (Swamp:2)
  33 orc warriors
  4 sky beasts
  A necrophage (D:12)
  A phantom (D:8)
  An ice beast (D:11)
  25 wolves
  4 boggarts (Lair:6)
  11 ogres
  21 crocodiles
  3 centaurs
  4 big kobolds
  5 earth elementals (Elf:1)
  Blork the orc (D:6)
  20 bullfrogs
  Dowan (D:5)
  11 scorpions
  10 wights
  3 howler monkeys
  4 crimson imps
  5 bullfrog zombies
  5 hounds
  An iron imp (D:5)
  A jelly (D:8)
  22 orc priests
  A gnoll shaman (D:7)
  32 orc wizards
  3 centaur skeletons
  Ijyb (D:4)
  An iguana (D:5)
  11 hell rats
  4 worker ants
  4 hound skeletons
  A howler monkey skeleton (D:4)
  Robin (D:2)
  22 adders
  9 gnolls
  3 shadow imps
  5 white imps (IceCv)
  6 ufetubi (IceCv)
  5 oozes
  3 adder skeletons
  An adder zombie (D:8)
  3 worms
  6 dart slugs
  2 leopard geckos
  108 orcs
  A ball python (D:3)
  5 giant cockroaches
  14 goblins
  10 hobgoblins
  8 jackals
  8 quokkas
  A ball python skeleton (D:6)
  12 bats
  7 frilled lizards
  11 kobolds
  5 rats
  A bush (Lair:6)
  4 fungi
  2 plants
929 creatures vanquished.

Vanquished Creatures (others)
  A deep elf knight (Elf:1)
  An orc wizard (Orc:2)
  3 white imps (IceCv)
  4 ufetubi (IceCv)
  30 fungi
  9 plants
48 creatures vanquished.

Grand Total: 977 creatures vanquished

Notes
Turn   | Place    | Note
-------+----------+-------------------------------------------
     0 | D:1      | Kidiri the Deep Elf Fire Elementalist began the quest for the Orb.
     0 | D:1      | Reached XP level 1. HP: 10/10 MP: 6/6
    61 | D:1      | Reached XP level 2. HP: 15/15 MP: 1/8
    65 | D:1      | Learned a level 2 spell: Throw Flame
   296 | D:1      | Reached skill level 4 in Spellcasting
   296 | D:1      | Reached XP level 3. HP: 19/19 MP: 3/10
   301 | D:1      | Learned a level 3 spell: Conjure Flame
   305 | D:1      | Learned a level 3 spell: Inner Flame
   698 | D:2      | Noticed Robin
  1265 | D:2      | Reached XP level 4. HP: 24/24 MP: 3/12
  1268 | D:2      | Killed Robin
  2156 | D:2      | Reached skill level 5 in Spellcasting
  2449 | D:3      | Learned a level 4 spell: Sticky Flame
  2584 | D:3      | Reached XP level 5. HP: 28/28 MP: 2/14
  2901 | D:3      | You fall through a shaft!
  2926 | D:4      | Reached skill level 6 in Spellcasting
  2926 | D:4      | Reached XP level 6. HP: 27/32 MP: 0/17
  3212 | D:4      | Found a bloodstained altar of Trog.
  3347 | D:4      | Noticed Ijyb
  3356 | D:4      | Killed Ijyb
  3612 | D:4      | Learned a level 5 spell: Fireball
  3625 | D:4      | Found a sacrificial altar of Ru.
  4188 | D:3      | Found a shattered altar of Ashenzari.
  4295 | D:3      | Reached skill level 5 in Fire Magic
  4493 | D:3      | Reached XP level 7. HP: 37/37 MP: 8/19
  4638 | D:3      | Reached skill level 1 in Short Blades
  4986 | D:5      | Entered Level 5 of the Dungeon
  5063 | D:5      | Reached skill level 1 in Shields
  5244 | D:5      | Reached skill level 1 in Fighting
  5244 | D:5      | Reached skill level 7 in Spellcasting
  5396 | D:5      | Noticed Grinder
  5411 | D:5      | Killed Grinder
  5411 | D:5      | Reached skill level 1 in Armour
  5411 | D:5      | Reached skill level 5 in Conjurations
  5411 | D:5      | Reached XP level 8. HP: 39/43 MP: 6/21
  5814 | D:5      | Found a burning altar of Makhleb.
  5816 | D:5      | Noticed a purple ugly thing
  5830 | D:5      | Noticed Dowan
  5839 | D:5      | Noticed Duvessa
  5864 | D:5      | Found a snail-covered altar of Cheibriados.
  6064 | D:5      | Killed Duvessa
  6064 | D:5      | Reached skill level 8 in Spellcasting
  6075 | D:5      | Killed Dowan
  6591 | D:6      | Found a staircase to the Ecumenical Temple.
  6600 | Temple   | Entered the Ecumenical Temple
  6608 | Temple   | Became a worshipper of Vehumet
  6646 | D:6      | Noticed Blork the orc
  6657 | D:6      | Killed Blork the orc
  6745 | D:6      | Found a sparkling altar of Nemelex Xobeh.
  6911 | D:6      | Found a white marble altar of Elyvilon.
  6929 | D:6      | Found an ornate altar of the Wu Jian Council.
  6932 | D:6      | Found a shattered altar of Ashenzari.
  7537 | D:6      | Found a glowing golden altar of the Shining One.
  7618 | D:5      | Reached XP level 9. HP: 29/48 MP: 6/23
  7623 | D:5      | Killed a purple ugly thing
  7626 | D:5      | Reached skill level 9 in Spellcasting
  7635 | D:5      | Reached * piety under Vehumet
  7635 | D:5      | Offered knowledge of Magic Dart by Vehumet.
  7925 | D:7      | Reached skill level 5 in Dodging
  8161 | D:7      | Found a blossoming altar of Fedhas.
  8668 | D:7      | Learned a level 5 spell: Lightning Bolt
  8754 | D:8      | Found Lineh's General Store.
  8900 | D:8      | Reached skill level 1 in Air Magic
  8914 | D:8      | Bought a scroll of brand weapon for 240 gold pieces
  8914 | D:8      | Bought a scroll of magic mapping for 42 gold pieces
  9093 | D:8      | Noticed a two-headed hydra
  9101 | D:8      | Killed a two-headed hydra
  9101 | D:8      | Reached skill level 10 in Spellcasting
  9101 | D:8      | Reached XP level 10. HP: 56/56 MP: 6/26
  9488 | D:8      | Found an opulent altar of Gozag.
  9587 | D:8      | Noticed Joseph
  9857 | D:8      | Killed Joseph
 10051 | D:8      | Learned a level 4 spell: Airstrike
 10166 | D:8      | Reached skill level 5 in Short Blades
 10770 | D:9      | Noticed no0bjke's ghost (novice TrMo)
 10788 | D:9      | Found an iron altar of Okawaru.
 10792 | D:9      | Noticed Prince Ribbit
 11198 | D:9      | Killed no0bjke's ghost
 11404 | D:9      | Got a twisted leather armour
 11415 | D:9      | Identified the cursed +1 leather armour of Siptuf {Dex+4} (You found it on level 9 of the Dungeon)
 11454 | D:9      | Gained mutation: You are weak. (Str -2) [potion of mutation]
 11454 | D:9      | Gained mutation: You are resistant to hostile enchantments. (MR+) [potion of mutation]
 11454 | D:9      | Lost mutation: You are weak. (Str -2) [potion of mutation]
 11454 | D:9      | Gained mutation: You are robust. (+10% HP) [potion of mutation]
 11463 | D:9      | Killed Prince Ribbit
 11672 | D:10     | Entered Level 10 of the Dungeon
 11872 | D:10     | Noticed a death yak
 11873 | D:10     | Found a staircase to the Lair.
 11873 | D:10     | Noticed a death yak
 11890 | D:10     | Killed a death yak
 11890 | D:10     | Reached ** piety under Vehumet
 11890 | D:10     | Offered knowledge of Sandblast by Vehumet.
 11890 | D:10     | Reached skill level 11 in Spellcasting
 11903 | D:10     | HP: 3/61 [death yak (20)]
 11907 | D:10     | Killed a death yak
 11907 | D:10     | Reached XP level 11. HP: 4/66 MP: 4/28
 12689 | D:10     | Noticed a death yak
 12693 | D:10     | Noticed a death yak
 12707 | D:10     | Found a basalt altar of Yredelemnul.
 12707 | D:10     | Noticed an oklob plant
 12719 | D:10     | Killed a death yak
 13098 | D:10     | Noticed Harold
 13490 | D:10     | Killed a death yak
 13652 | D:10     | Killed Harold
 13779 | D:10     | Killed an oklob plant
 13937 | Lair:1   | Entered Level 1 of the Lair of Beasts
 13986 | Lair:1   | Learned a level 2 spell: Swiftness
 14089 | Lair:1   | Reached skill level 1 in Charms
 14345 | Lair:1   | Reached skill level 12 in Spellcasting
 14423 | Lair:1   | Offered knowledge of Ignite Poison by Vehumet.
 14428 | Lair:1   | Learned a level 3 spell: Ignite Poison
 14811 | Lair:1   | Lost mutation: You are robust. (+10% HP) [potion of mutation]
 14811 | Lair:1   | Lost mutation: You are resistant to hostile enchantments. (MR+) [potion of mutation]
 14811 | Lair:1   | Gained mutation: You are weak. (Str -2) [potion of mutation]
 14811 | Lair:1   | Gained mutation: You have large cloven feet. [potion of mutation]
 15154 | Lair:2   | Found a hole to the Spider Nest.
 15213 | Lair:2   | Reached XP level 12. HP: 67/67 MP: 22/30
 15629 | Lair:2   | Reached *** piety under Vehumet
 15816 | Lair:2   | Noticed Erica
 15833 | Lair:2   | Killed Erica
 16054 | Lair:2   | Reached skill level 5 in Shields
 16330 | Lair:3   | Reached skill level 5 in Air Magic
 16460 | Lair:3   | Reached skill level 5 in Armour
 16812 | Lair:3   | Noticed a six-headed hydra
 16817 | Lair:3   | Killed a six-headed hydra
 18363 | Lair:4   | Reached skill level 5 in Fighting
 18373 | Lair:4   | Found a staircase to the Swamp.
 18446 | Lair:4   | Reached skill level 13 in Spellcasting
 18457 | Lair:4   | Offered knowledge of Mephitic Cloud by Vehumet.
 18462 | Lair:4   | Learned a level 3 spell: Mephitic Cloud
 18715 | Lair:4   | Reached skill level 1 in Poison Magic
 20291 | Lair:5   | Reached skill level 5 in Charms
 20293 | Lair:5   | Reached **** piety under Vehumet
 20977 | Lair:6   | Entered Level 6 of the Lair of Beasts
 21052 | Lair:6   | Reached XP level 13. HP: 59/72 MP: 21/32
 21494 | Lair:5   | Offered knowledge of Iskenderun's Battlesphere by Vehumet.
 21946 | Lair:6   | Found a staircase to the Slime Pits.
 22551 | Lair:6   | Lost mutation: You have large cloven feet. [potion of mutation]
 22551 | Lair:6   | Lost mutation: You are weak. (Str -2) [potion of mutation]
 22551 | Lair:6   | Gained mutation: You have sharp toenails. [potion of mutation]
 22551 | Lair:6   | Gained mutation: You have very sharp teeth. [potion of mutation]
 22551 | Lair:6   | Gained mutation: You are partially covered in rugged brown scales. (AC +1, +3% HP) [potion of mutation]
 22619 | Lair:6   | Reached ***** piety under Vehumet
 22634 | Lair:6   | Offered knowledge of Bolt of Magma by Vehumet.
 22647 | Lair:6   | Reached skill level 14 in Spellcasting
 23383 | Lair:5   | Learned a level 5 spell: Bolt of Magma
 23944 | Lair:6   | Got a polished scythe
 23955 | Lair:6   | Identified the +7 scythe of Ufanam {vamp, rPois Int-3 SInv} (You found it on level 6 of the Lair of Beasts)
 24070 | Lair:6   | Reached XP level 14. HP: 82/82 MP: 24/34
 24527 | D:11     | Gained mutation: Scrolls take you a little longer to read. [mutagenic meat]
 24528 | D:11     | Gained mutation: You have extremely sharp teeth. [mutagenic meat]
 24529 | D:11     | Gained mutation: You are resistant to hostile enchantments. (MR+) [mutagenic meat]
 24675 | D:11     | Found Nasodo's Antique Weapon Boutique.
 24681 | D:11     | Bought a dazzling rapier for 216 gold pieces
 24681 | D:11     | Identified the +6 rapier "With Two Names" {pierce, *Contam rPois rN+ Int+3} (You bought it in a shop on level 11 of the Dungeon)
 25466 | D:12     | Offered knowledge of Freezing Cloud by Vehumet.
 25507 | D:12     | Found a staircase to the Orcish Mines.
 25659 | D:12     | Reached skill level 1 in Earth Magic
 26829 | Orc:1    | Entered Level 1 of the Orcish Mines
 27072 | Orc:1    | Noticed a stone giant
 27193 | Orc:1    | Killed a stone giant
 28055 | Orc:2    | Entered Level 2 of the Orcish Mines
 28263 | Orc:2    | Found a staircase to the Elven Halls.
 28383 | Orc:2    | Found a roughly hewn altar of Beogh.
 28611 | Orc:2    | Offered knowledge of Poison Arrow by Vehumet.
 28688 | Orc:2    | Found a roughly hewn altar of Beogh.
 28695 | Orc:2    | Found Gyudahaf's Gadget Boutique.
 28870 | Orc:2    | Found a roughly hewn altar of Beogh.
 28901 | Orc:2    | Found Usiyz's Weapon Boutique.
 29023 | Orc:2    | Found a roughly hewn altar of Beogh.
 29042 | Orc:2    | Reached skill level 5 in Poison Magic
 29169 | Orc:2    | Found a radiant altar of Vehumet.
 29301 | Orc:2    | Found a roughly hewn altar of Beogh.
 29317 | Orc:2    | Found a roughly hewn altar of Beogh.
 29561 | Orc:2    | Noticed Saint Roka
 30289 | Orc:2    | Reached skill level 10 in Conjurations
 30295 | Orc:2    | Found Uneak's Antique Weapon Shoppe.
 30295 | Orc:2    | Found a roughly hewn altar of Beogh.
 30311 | Orc:2    | Found Ymne's Antique Armour Emporium.
 30328 | Orc:2    | Bought a pair of runed gloves for 195 gold pieces
 30328 | Orc:2    | Bought a pair of runed gloves for 195 gold pieces
 30560 | Elf:1    | Entered Level 1 of the Elven Halls
 30603 | Elf:1    | Found a frozen archway.
 30615 | IceCv    | Entered an ice cave
 30667 | IceCv    | Reached skill level 15 in Spellcasting
 31653 | IceCv    | Offered knowledge of Bolt of Draining by Vehumet.
 31680 | IceCv    | Reached skill level 10 in Dodging
 31986 | IceCv    | Noticed an Ice Fiend
 32025 | IceCv    | Killed an Ice Fiend
 32385 | IceCv    | Noticed an Ice Fiend
 32387 | IceCv    | Killed an Ice Fiend
 32387 | IceCv    | Reached skill level 10 in Fire Magic
 32458 | IceCv    | Got an ichor-stained leather armour
 32469 | IceCv    | Identified the cursed +1 leather armour of Boredom {rElec SInv} (You found it in an ice cave)
 34080 | Orc:2    | Killed Saint Roka
 34080 | Orc:2    | Reached XP level 15. HP: 11/87 MP: 5/36
 34827 | Elf:1    | Gained mutation: You are weak. (Str -2) [mutagenic meat]
 37131 | Elf:1    | Reached skill level 16 in Spellcasting
 37465 | Elf:1    | Got a twisted leather armour
 37477 | Elf:1    | Identified Vehumet's Reference Book on Conjuration
 37489 | Elf:1    | Identified the +1 leather armour "Otimuqiz" {+Inv rPois Int+2} (You took it off a deep elf archer on level 1 of the Elven Halls)
 38053 | Elf:1    | Reached skill level 1 in Evocations
 38425 | Spider:1 | Entered Level 1 of the Spider Nest
 38775 | Spider:1 | Noticed Agnes
 38780 | Spider:1 | Killed Agnes
 38976 | Spider:1 | Reached skill level 5 in Earth Magic
 38980 | Spider:1 | Offered knowledge of Iron Shot by Vehumet.
 39073 | Spider:1 | Learned a level 6 spell: Iron Shot
 39516 | Spider:1 | Reached XP level 16. HP: 94/94 MP: 25/38
 39996 | Spider:2 | HP: 3/94 [wolf spider (2)]
 40722 | Swamp:1  | Entered Level 1 of the Swamp
 41387 | Swamp:1  | Offered knowledge of Spellforged Servitor by Vehumet.
 42630 | Swamp:2  | Reached skill level 17 in Spellcasting
 43651 | Swamp:3  | Learned a level 7 spell: Ring of Flames
 43653 | Swamp:3  | Noticed Jorgrun
 43769 | Swamp:3  | Killed from afar by Jorgrun

Vault maps used:
D:1:      dpeg_arrival_shrine
D:2:      uniq_robin
D:3:      first_bread, cheibrodos_ashenzari_chains
D:4:      overflow_temple_1_default, nicolae_overflow_crystal_walls, uniq_ijyb
D:5:      old_forge, gammafunk_temple_overflow_arena, kennysheep_slug_shrine,
          uniq_grinder, uniq_duvessa
D:6:      nemelex_xobeh_ov_fountains_minmay, grunt_temple_overflow_cloverleaf,
          minmay_temple_entry_trees, uniq_blork_the_orc
D:7:      basic_altar
D:8:      lemuel_doored_altar, serial_shops, nicolae_shop_waterfront,
          hangedman_ranch, kennysheep_generic_room_10, uniq_joseph
D:9:      kennysheep_little_box, uniq_prince_ribbit1
D:10:     dpeg_lair_monsters, lemuel_oklob_altar, uniq_harold
D:11:     serial_shops, nicolae_shop_crystal
D:12:     erik_orc_3
Temple:   nicolae_temple_no_exploring_needed
Lair:2:   spider_nest_entry_a, uniq_erica
Lair:3:   cheibrodos_lair_lostbears
Lair:4:   minmay_swamp_entry_worms, lemuel_fruit_tree
Lair:6:   minmay_lair_end_enchanted_forest, minmay_slime_entry_pillars,
          serial_bayou_shore_a
Swamp:1:  infiniplex_staircase_pool_2
Swamp:2:  evilmike_swamp_ruin_house_5, swamp_pool1
Swamp:3:  evilmike_swamp_ruin_house_6, cheibrodos_swamp_slimy, uniq_jorgrun,
          uniq_kirke
Spider:1: hangedman_spider_trapstep, uniq_agnes
Spider:2: spider_trap, uniq_aizul, uniq_arachne
Orc:2:    grunt_orc_community_town_hall, grunt_orc_community_big_house_2,
          grunt_orc_community_big_house_2, grunt_orc_community_house_3,
          grunt_orc_community_house_2, grunt_orc_community_house_2,
          grunt_orc_community_house_1, grunt_orc_community_house_3, basic_altar
Elf:1:    portal_ice_cave_entry_pillars_2, orc_legates
IceCv:    ice_cave_small_demon

Skill      XL: |  1  2  3  4  5  6  7  8  9 10 11 12 13 14 15 16 |
---------------+-------------------------------------------------+-----
Spellcasting   | 4 5 6 7 8 10 11 12 13 14 15 16 17 | 17.0
Conjurations   | 2 3 4 5 6 7 8 9 10 11 | 11.5
Fire Magic     | 4 5 6 7 8 9 10 11 | 11.1
Short Blades   | 2 3 4 5 6 7 8 |  8.8
Shields        | 1 2 3 4 5 |  5.1
Fighting       | 1 2 3 4 5 6 7 |  7.9
Armour         | 1 2 3 4 5 6 7 8 |  8.0
Dodging        | 3 4 5 6 7 8 9 10 | 10.0
Air Magic      | 2 3 4 5 6 7 8 9 |  9.0
Charms         | 2 5 7 |  7.0
Poison Magic   | 2 4 5 7 |  7.8
Earth Magic    | 2 5 6 |  6.4
Evocations     | 2 4 |  4.4
Stealth        | |  2.4

Action                   |  1- 3 |  4- 6 |  7- 9 | 10-12 | 13-15 | 16-18 || total
-------------------------+-------+-------+-------+-------+-------+-------++-------
Melee: Dagger            |    19 |    22 |    28 |       |       |       ||    69
       Short sword       |       |       |    97 |   259 |   117 |       ||   473
       Double sword      |       |       |     8 |       |       |       ||     8
       Unarmed           |       |       |       |     8 |       |       ||     8
       Kick              |       |       |       |    32 |       |       ||    32
       Bite              |       |       |       |       |    54 |     6 ||    60
       Rapier            |       |       |       |       |   548 |   108 ||   656
 Cast: Flame Tongue      |    47 |    94 |   117 |   181 |    67 |     3 ||   509
       Throw Flame       |     4 |    26 |    23 |    42 |     6 |       ||   101
       Conjure Flame     |     2 |     4 |     4 |    16 |    22 |       ||    48
       Inner Flame       |       |     4 |     1 |     6 |    18 |       ||    29
       Sticky Flame      |       |     2 |    27 |    64 |    76 |    17 ||   186
       Fireball          |       |       |     2 |    16 |    60 |     9 ||    87
       Airstrike         |       |       |       |    71 |   100 |    62 ||   233
       Lightning Bolt    |       |       |       |    29 |    26 |       ||    55
       Ignite Poison     |       |       |       |     4 |     8 |     1 ||    13
       Mephitic Cloud    |       |       |       |     1 |    12 |     5 ||    18
       Swiftness         |       |       |       |     1 |    18 |     2 ||    21
       Bolt of Magma     |       |       |       |       |   217 |    89 ||   306
 Abil: Evoke Flight      |       |       |       |       |     1 |       ||     1
Evoke: Wand              |       |       |     7 |     4 |     6 |     2 ||    19
  Use: Scroll            |     4 |     8 |    11 |    14 |    15 |     2 ||    54
       Potion            |       |       |     4 |     5 |     3 |     4 ||    16
 Stab: Sleeping          |     3 |     2 |     4 |     1 |     2 |     1 ||    13
       Confused          |       |       |       |       |       |     1 ||     1
  Eat: Chunk             |     1 |    10 |     8 |     8 |    25 |     2 ||    54
       Royal jelly       |       |       |     3 |     6 |     4 |     2 ||    15
       Bread ration      |       |       |     1 |     1 |     6 |     2 ||    10
       Fruit             |       |       |       |    23 |     6 |       ||    29
Armor: Robe              |     2 |    17 |     4 |       |       |       ||    23
       Leather armour    |       |       |    56 |    58 |   183 |    77 ||   374
       Skin              |       |       |       |     1 |       |       ||     1
Dodge: Dodged            |    18 |    38 |   160 |   188 |   487 |   182 ||  1073
Block: Buckler           |       |       |    16 |    73 |   212 |    78 ||   379
       Rpst.: Double sword |       |       |     3 |       |       |       ||     3
